 Dungeon Crawl Stone Soup version 0.26-a0-1012-gedcf9b2963 (webtiles) character file.

Game seed: 4807781024509440845

448 DerHolg the Vandal (level 7, 0/47 HPs)
             Began as a Halfling Hunter on Dec 7, 2020.
             Slain by Edmund
             ... wielding a +4 dire flail of protection
              (6 damage)
             ... on level 4 of the Dungeon.
             The game lasted 00:17:17 (3190 turns).

DerHolg the Vandal (Halfling Hunter)                Turns: 3190, Time: 00:17:18

Health: 0/47       AC:  9    Str: 15    XL:     7   Next: 24%
Magic:  7/7        EV: 10    Int:  9    God:
Gold:   165        SH:  0    Dex: 15    Spells: 6/6 levels left

rFire    . . .     SeeInvis .   a - +1 hunting sling
rCold    . . .     Faith    .   (shield restricted)
rNeg     . . .     Spirit   .   i - +0 chain mail
rPois    .         Reflect  .   (no helmet)
rElec    .         Harm     .   (no cloak)
rCorr    .         Rampage  .   (no gloves)
Will     .....                  e - +0 pair of boots (curse)
Stlth    ..........             (no amulet)
HPRegen  0.15/turn              (no ring)
MPRegen  0.10/turn              (no ring)

@: no status effects
A: small, mutation resistance 1
a: no special abilities


You were on level 4 of the Dungeon.
You visited 1 branch of the dungeon, and saw 4 of its levels.

You collected 165 gold pieces.

Inventory:

Hand Weapons
 a - a +1 hunting sling (weapon)
 b - a +0 short sword
Missiles
 d - 18 sling bullets (quivered)
 f - 32 stones
Armour
 e - a cursed +0 pair of boots (worn)
 i - a +0 chain mail (worn)
Jewellery
 l - an uncursed ring of resist corrosion {unknown}
 m - an uncursed amulet of guardian spirit {unknown}
Wands
 q - a wand of enslavement (2)
Scrolls
 g - a scroll of fog {unknown}
 h - 2 scrolls of identify {unknown}
 j - a scroll of blinking {unknown}
 k - 3 scrolls of teleportation {unknown}
 n - 2 scrolls of amnesia {unknown}
 o - a scroll of noise {unknown}
 p - a scroll of magic mapping {unknown}
 r - 2 scrolls of enchant weapon {unknown}
Potions
 c - a potion of heal wounds {unknown}


   Skills:
 * Level 3.8 Fighting
 + Level 3.0 Short Blades
 + Level 7.0 Slings
 + Level 2.3 Armour
 + Level 3.7 Dodging
 + Level 3.1 Stealth


You had 6 spell levels left.
You didn't know any spells.
Your spell library was empty.

Dungeon Overview and Level Annotations

Branches:
Dungeon (4/15)
 Temple: D:4-7

Altars:

Annotations:
D:4 Edmund


Innate Abilities, Weirdness & Mutations

You are small and have problems with some larger weapons.
You are somewhat resistant to further mutation.


Message History

Evoke which item? (* to show all) (? for menu, Esc to quit)
Aiming: Enslavement
Press: ? - help, Shift-Dir - straight line, f/p - Edmund
Aim: Edmund, wielding a +4 dire flail of protection and wearing a +0 ring mail (almost dead, chance to beat Will: 46%) Edmund resists with some effort.
Fire: 20 sling bullets
Press: ? - help, Q - select action, (/) - cycle Shift-Dir - straight line, f/p - Edmund
Aim: Edmund, wielding a +4 dire flail of protection and wearing a +0 ring mail (almost dead)
You shoot a sling bullet.
The sling bullet hits Edmund but does no damage.
Edmund is almost dead.
Edmund hits you with a +4 dire flail of protection.
* * * LOW HITPOINT WARNING * * *
Fire: 19 sling bullets
Press: ? - help, Q - select action, (/) - cycle Shift-Dir - straight line, f/p - Edmund
Aim: Edmund, wielding a +4 dire flail of protection and wearing a +0 ring mail (almost dead)
You shoot a sling bullet. The sling bullet closely misses Edmund.
Edmund says, "I'm quite good with sums, too."
Edmund hits you with a +4 dire flail of protection.
You die...

.<...............#
###.###..........# #.#
######.##### #.# #†# . #.# #.# .#
##.# #.#### #.# #..# #....# .(.#
#[## ####.##.(# #.# #.@@(# ##.#
###..# #..# ..# #.## .$# #.## ..#
...# ### ### ### ### ...#
########.###g###.###g#
...####.....#g#.#.#.#g#.#.#(.(...
...#))..##..#.#g#.#.#.#g#.#....(.


You could see Edmund.

Vanquished Creatures
  Ijyb (D:4)
  2 hounds (D:3)
  2 orc priests (D:3)
  An orc wizard (D:3)
  A gnoll (D:3)
  6 adders
  An ooze (D:3)
  4 worms
  3 dart slugs
  A leopard gecko (D:1)
  17 orcs
  8 goblins
  7 hobgoblins
  5 jackals
  9 kobolds
  11 bats
  4 frilled lizards
  6 rats
89 creatures vanquished.

Vanquished Creatures (others)
  An ogre (D:4)
1 creature vanquished.

Grand Total: 90 creatures vanquished

Notes
Turn   | Place    | Note
-------+----------+-------------------------------------------
     0 | D:1      | DerHolg the Halfling Hunter began the quest for the Orb.
     0 | D:1      | Reached XP level 1. HP: 14/14 MP: 1/1
   231 | D:1      | Reached XP level 2. HP: 19/19 MP: 2/2
   449 | D:1      | Reached skill level 6 in Slings
   610 | D:1      | Reached XP level 3. HP: 24/24 MP: 3/3
   869 | D:2      | Reached skill level 1 in Short Blades
  1399 | D:2      | Reached XP level 4. HP: 30/30 MP: 4/4
  1615 | D:2      | Reached skill level 1 in Armour
  1789 | D:3      | Reached XP level 5. HP: 35/35 MP: 5/5
  2005 | D:3      | Reached XP level 6. HP: 26/42 MP: 6/6
  2927 | D:4      | Noticed an ogre
  2932 | D:4      | Noticed Ijyb
  2969 | D:4      | Reached XP level 7. HP: 27/47 MP: 7/7
  3105 | D:4      | Killed Ijyb
  3106 | D:4      | Reached skill level 7 in Slings
  3175 | D:4      | Noticed Edmund
  3190 | D:4      | Slain by Edmund

Illustrated notes

Levels and vault maps discovered:
D:1:      dpeg_arrival_solitude, layout_basic, hex_medium
D:2:      layout_loops_ring
D:3:      layout_basic, lightli_sewer_entry_pipes, serial_aquarium,
          aquarium_bridge_square [aquarium_subvault_wall,
          aquarium_subvault_window, aquarium_subvault_bridge,
          aquarium_subvault_window], aquarium_window_2, aquarium_window_2,
          aquarium_window_1, aquarium_window_fake, aquarium_view_2b,
          aquarium_balcony_3b, cheibrodos_gnoll_hut
D:4:      layout_rooms, minmay_temple_entry_tees, grunt_decor_resistance,
          minmay_snake_closets, uniq_ijyb, uniq_edmund

Skill      XL: |  1  2  3  4  5  6  7 |
---------------+----------------------+-----
Fighting       | 2 3 |  3.8
Slings         | 6 7 |  7.0
Short Blades   | 1 2 3 |  3.0
Armour         | 1 2 |  2.3
Dodging        | 3 |  3.7
Stealth        | 2 3 |  3.1

Action                   |  1- 3 |  4- 6 |  7- 9 || total
-------------------------+-------+-------+-------++-------
Melee: Short sword       |    21 |    49 |       ||    70
 Fire: Hunting sling     |    89 |   150 |    27 ||   266
Evoke: Wand              |       |     2 |     1 ||     3
Armor: Leather armour    |     8 |       |       ||     8
       Ring mail         |       |    14 |       ||    14
       Chain mail        |       |     8 |     6 ||    14
Dodge: Dodged            |    31 |    77 |     3 ||   111

Table legend: (Time is in decaauts)
 A = Elapsed time spent in this place.
 B = Non-inter-level travel time spent in this place.
 C = Inter-level travel time spent in this place.
 D = Time resting spent in this place.
 E = Time spent auto-exploring this place.
 F = Levels seen in this place.
 G = Mean time per level.
                   A        B        C        D        E       F      G
               +--------+--------+--------+--------+--------+-----+--------+
         Total |   3185 |   3105 |     80 |    376 |   2065 |   4 |  796.2 |
       Dungeon |   3185 |   3105 |     80 |    376 |   2065 |   4 |  796.2 |
               +--------+--------+--------+--------+--------+-----+--------+

Top non-repeatable levels by time:
     D:3: 1288 daAuts
     D:2: 905 daAuts
     D:1: 833 daAuts
     D:4: 159 daAuts
